AoeStats
← manteldon

Arabia

511028800Analyzed
1v1 RM · 10h ago on Oct 3, 2026· 28m 23s· 2 players
Game mode
Random Map
Map size
Tiny (2 player)
Population
200
Speed
Normal
Resources
Standard
Victory
Conquest
Starting age
Dark Age
Ending age
Imperial Age
RankedLock teamsTeams togetherTeam positionsShared explorationLock speedFull tech treeHidden civsTurbo modeCheats
Victory
Defeat
🇨🇳 Italians · China
1825
+17
🇩🇪 Teutons · Germany
1840
-17
craner_x
8:27 Feudal Age
7:38 Loom
9:20 Double-Bit Axe
10:03 Double-Bit Axe
14:26 Fletching
17:27 Padded Archer Armor
23:56 Castle Age
21:39 Horse Collar
22:07 Gold Mining
23:15 Bloodlines
23:36 Scale Barding Armor
23:41 Forging
24:03 Forging
25:39 Husbandry
manteldon
5:50 Loom
8:57 Feudal Age
9:00 Man-at-Arms
14:52 Fletching
17:58 Padded Archer Armor
19:59 Horse Collar
20:43 Double-Bit Axe
26:38 Castle Age
26:38 Crossbowman
27:14 Bodkin Arrow
Connection lost

Rejoining the realm…

Still unreachable

The connection could not be restored.

Session expired

The server has moved on; the page needs a fresh start.